Map: Dusk Towers

Players

Miszu

  • Race: Terran Terran
  • League: Master

A.I. 1 (Very Easy)

  • Race: Terran Terran

VOD

Have the link to the VOD?

Description

Time

  • Played on: April 7, 2016, 1:05 p.m.
  • Length: 3:52
Show
View Real Time Build Order
Export as new Build Order

Miszu Terran 

Build Orders: MMM Bio, Banshee Rush 

Get SALT Encoding   

  1  0:00  Cloaking Field, Terran Infantry Armor Level 1, Zerg Melee Weapons Level 2, Enduring Locusts, Protoss Ground Armor Level 1, Terran Infantry Weapons Level 1, Terran Ship Weapons Level 1, Centrifical Hooks, Zerg Flyer Weapons Level 3, Terran Infantry Armor Level 2, Protoss Air Armor Level 3, Metabolic Boost, Durable Materials, Terran Ship Armor Level 3, Terran Vehicle Armor Level 1, Terran Vehicle Armor Level 2, Zerg Flyer Armor Level 2, Terran Vehicle Weapons Level 3, Zerg Missile Weapons Level 3, Protoss Ground Weapons Level 2, Zerg Melee Weapons Level 3, Extended Thermal Lance, Zerg Ground Armor Level 1, Zerg Ground Armor Level 3, Building Armor, Zerg Melee Weapons Level 1, Observer Gravitic Boosters, Blink, Protoss Ground Armor Level 3, Zerg Flyer Armor Level 3, Protoss Ground Weapons Level 3, Moebius Reactor, Resonating Glaives, Zerg Missile Weapons Level 1, Terran Vehicle Weapons Level 1, Protoss Ground Armor Level 2, Terran Infantry Weapons Level 3, Burrow, Behemoth Reactor, Protoss Air Weapons Level 3, Terran Ship Weapons Level 2, Protoss Shields Level 3, Zerg Flyer Weapons Level 2, Charge, Zerg Flyer Weapons Level 1, Terran Ship Weapons Level 3, Caduceus Reactor, Stimpack, Ventral Sacs, Terran Infantry Armor Level 3, Protoss Shields Level 2, Pathogen Glands, Zerg Ground Armor Level 2, Protoss Air Armor Level 2, Terran Ship Armor Level 2, Hi-Sec Auto Tracking, Terran Vehicle Armor Level 3, Adrenal Glands, Protoss Air Weapons Level 2, Gravitic Drive, Terran Ship Armor Level 1, Protoss Shields Level 1, Zerg Flyer Armor Level 1, Combat Shields, Terran Infantry Weapons Level 2, Graviton Catapult, Personal Cloaking, Tunneling Claws, Terran Vehicle Weapons Level 2, Protoss Ground Weapons Level 1, Muscular Augments x2, Psionic Storm, Protoss Air Armor Level 1, Neural Parasite, Zerg Missile Weapons Level 2, Neosteel Frame, Warp Gate, Corvid Reactor, Glial Reconstitution, Protoss Air Weapons Level 1, Infernal Pre-Igniter, Chitinous Plating  
  12  0:02  Protoss Air Weapons Level 3, Zerg Missile Weapons Level 3, Protoss Shields Level 3, Terran Infantry Weapons Level 3, Zerg Flyer Armor Level 3, Zerg Ground Armor Level 3, Terran Infantry Armor Level 3, Zerg Melee Weapons Level 3, Terran Ship Armor Level 3, Zerg Flyer Weapons Level 3, Protoss Air Armor Level 3, Protoss Ground Armor Level 3, Terran Ship Weapons Level 3, Protoss Ground Weapons Level 3, Terran Vehicle Weapons Level 3, Terran Vehicle Armor Level 3  
  12  0:04  Weapon Refit, Pneumatized Carapace, Concussive Shells  
    0:07  SCV x12  
    0:19  Unknown  
    0:20  SCV  
  13  0:23  Zerg Flyer Armor Level 2, Zerg Melee Weapons Level 2, Terran Vehicle Armor Level 2, Protoss Ground Weapons Level 2, Zerg Ground Armor Level 2, Terran Vehicle Weapons Level 2, Protoss Shields Level 2, Terran Infantry Armor Level 2, Protoss Air Armor Level 2, Zerg Missile Weapons Level 2, Protoss Ground Armor Level 2, Terran Ship Armor Level 2, Terran Infantry Weapons Level 2, Zerg Flyer Weapons Level 2, Protoss Air Weapons Level 2, Terran Ship Weapons Level 2  
  13  0:32  SCV  
  14  0:38  Blink, Stimpack  
  14  0:45  Terran Ship Armor Level 1, Terran Infantry Armor Level 1, Zerg Melee Weapons Level 1, Zerg Flyer Armor Level 1, Protoss Ground Armor Level 1, Terran Infantry Weapons Level 1, Zerg Ground Armor Level 1, Protoss Ground Weapons Level 1, Protoss Air Armor Level 1, Protoss Shields Level 1, Terran Vehicle Armor Level 1, Warp Gate, Zerg Missile Weapons Level 1, Protoss Air Weapons Level 1, Zerg Flyer Weapons Level 1, Terran Vehicle Weapons Level 1, Terran Ship Weapons Level 1  
  14  0:47  Unknown x5  
    0:59  Charge, Building Armor, Extended Thermal Lance, Resonating Glaives  
    1:06  Adrenal Glands, Ventral Sacs  
    1:12  Enduring Locusts  
    1:13  Personal Cloaking  
    1:19  Psionic Storm  
    1:20  Cloaking Field, Combat Shields, Tunneling Claws, Centrifical Hooks, Metabolic Boost, Neural Parasite, Neosteel Frame, Corvid Reactor, Glial Reconstitution, Durable Materials, Infernal Pre-Igniter, Chitinous Plating  
    1:28  Burrow, Muscular Augments x2  
    1:30  SCV x12  
    1:42  Pathogen Glands, Behemoth Reactor, Unknown, Observer Gravitic Boosters, Hi-Sec Auto Tracking, Moebius Reactor, Caduceus Reactor, Graviton Catapult, Gravitic Drive  
    1:43  SCV  
  13  1:55  SCV  
  13  1:56  Weapon Refit, Pneumatized Carapace, Concussive Shells  
  13  2:00  Supply Depot  
  14  2:08  SCV  
  15  2:22  SCV  
  16  2:39  Unknown x5  
Show
View Real Time Build Order
Export as new Build Order

A.I. 1 (Very Easy) Terran 

Build Orders: MMM Bio, Banshee Rush 

Get SALT Encoding   

  1  0:00  Cloaking Field, Terran Infantry Armor Level 1, Zerg Melee Weapons Level 2, Enduring Locusts, Protoss Ground Armor Level 1, Terran Infantry Weapons Level 1, Terran Ship Weapons Level 1, Centrifical Hooks, Zerg Flyer Weapons Level 3, Terran Infantry Armor Level 2, Protoss Air Armor Level 3, Metabolic Boost, Durable Materials, Terran Ship Armor Level 3, Terran Vehicle Armor Level 1, Terran Vehicle Armor Level 2, Zerg Flyer Armor Level 2, Terran Vehicle Weapons Level 3, Zerg Missile Weapons Level 3, Protoss Ground Weapons Level 2, Zerg Melee Weapons Level 3, Extended Thermal Lance, Zerg Ground Armor Level 1, Zerg Ground Armor Level 3, Building Armor, Zerg Melee Weapons Level 1, Observer Gravitic Boosters, Blink, Protoss Ground Armor Level 3, Zerg Flyer Armor Level 3, Protoss Ground Weapons Level 3, Moebius Reactor, Resonating Glaives, Zerg Missile Weapons Level 1, Terran Vehicle Weapons Level 1, Protoss Ground Armor Level 2, Terran Infantry Weapons Level 3, Burrow, Behemoth Reactor, Protoss Air Weapons Level 3, Terran Ship Weapons Level 2, Protoss Shields Level 3, Zerg Flyer Weapons Level 2, Charge, Zerg Flyer Weapons Level 1, Terran Ship Weapons Level 3, Caduceus Reactor, Stimpack, Ventral Sacs, Terran Infantry Armor Level 3, Protoss Shields Level 2, Pathogen Glands, Zerg Ground Armor Level 2, Protoss Air Armor Level 2, Terran Ship Armor Level 2, Hi-Sec Auto Tracking, Terran Vehicle Armor Level 3, Adrenal Glands, Protoss Air Weapons Level 2, Gravitic Drive, Terran Ship Armor Level 1, Protoss Shields Level 1, Zerg Flyer Armor Level 1, Combat Shields, Terran Infantry Weapons Level 2, Graviton Catapult, Personal Cloaking, Tunneling Claws, Terran Vehicle Weapons Level 2, Protoss Ground Weapons Level 1, Muscular Augments x2, Psionic Storm, Protoss Air Armor Level 1, Neural Parasite, Zerg Missile Weapons Level 2, Neosteel Frame, Warp Gate, Corvid Reactor, Glial Reconstitution, Protoss Air Weapons Level 1, Infernal Pre-Igniter, Chitinous Plating  
  12  0:02  Protoss Air Weapons Level 3, Zerg Missile Weapons Level 3, Protoss Shields Level 3, Terran Infantry Weapons Level 3, Zerg Flyer Armor Level 3, Zerg Ground Armor Level 3, Terran Infantry Armor Level 3, Zerg Melee Weapons Level 3, Terran Ship Armor Level 3, Zerg Flyer Weapons Level 3, Protoss Air Armor Level 3, Protoss Ground Armor Level 3, Terran Ship Weapons Level 3, Protoss Ground Weapons Level 3, Terran Vehicle Weapons Level 3, Terran Vehicle Armor Level 3  
  12  0:04  Weapon Refit, Pneumatized Carapace, Concussive Shells  
    0:07  SCV x12  
    0:19  Unknown  
    0:21  SCV  
  13  0:23  Zerg Flyer Armor Level 2, Zerg Melee Weapons Level 2, Terran Vehicle Armor Level 2, Protoss Ground Weapons Level 2, Zerg Ground Armor Level 2, Terran Vehicle Weapons Level 2, Protoss Shields Level 2, Terran Infantry Armor Level 2, Protoss Air Armor Level 2, Zerg Missile Weapons Level 2, Protoss Ground Armor Level 2, Terran Ship Armor Level 2, Terran Infantry Weapons Level 2, Zerg Flyer Weapons Level 2, Protoss Air Weapons Level 2, Terran Ship Weapons Level 2  
  13  0:33  SCV  
  14  0:38  Supply Depot, Blink, Stimpack  
  14  0:45  Terran Ship Armor Level 1, Terran Infantry Armor Level 1, Zerg Melee Weapons Level 1, Zerg Flyer Armor Level 1, Protoss Ground Armor Level 1, Terran Infantry Weapons Level 1, Zerg Ground Armor Level 1, Protoss Ground Weapons Level 1, Protoss Air Armor Level 1, Protoss Shields Level 1, Terran Vehicle Armor Level 1, Warp Gate, Zerg Missile Weapons Level 1, Protoss Air Weapons Level 1, Zerg Flyer Weapons Level 1, Terran Vehicle Weapons Level 1, Terran Ship Weapons Level 1  
  14  0:47  Unknown x5  
    0:59  Charge, Building Armor, Extended Thermal Lance, Resonating Glaives  
    1:06  Adrenal Glands, Ventral Sacs  
    1:12  Enduring Locusts  
    1:13  Personal Cloaking  
    1:19  Psionic Storm  
    1:20  Cloaking Field, Combat Shields, Tunneling Claws, Centrifical Hooks, Metabolic Boost, Neural Parasite, Neosteel Frame, Corvid Reactor, Glial Reconstitution, Durable Materials, Infernal Pre-Igniter, Chitinous Plating  
    1:28  Burrow, Muscular Augments x2  
    1:30  SCV x12  
    1:42  Pathogen Glands, Behemoth Reactor, Unknown, Observer Gravitic Boosters, Hi-Sec Auto Tracking, Moebius Reactor, Caduceus Reactor, Graviton Catapult, Gravitic Drive  
    1:43  SCV  
  13  1:55  SCV  
  13  1:56  Weapon Refit, Pneumatized Carapace, Concussive Shells  
  14  2:07  SCV  
  15  2:14  Supply Depot  
  15  2:29  Refinery  
  16  2:39  Unknown x5  
Tags
 
Add a new tag
Caveats
  • Supply blocks, unpowered buildings, or Contaminate may cause inaccurate times.
  • Supply counts are checked every 10 seconds.